 Dungeon Sprint DCSS version 0.24-a0-809-g71cb82dfb8 (webtiles) character file.

Game seed: 11082901834307862175, levelgen mode: deterministic

609 MisterOstroum the Fighter (level 7, -5/72 HPs)
             Began as a Demonspawn Artificer on Oct 11, 2019.
             Was an Initiate of Makhleb.
             Shot with a bolt by a yaktaur (33 damage)
             ... in the Dungeon (Sprint II: "The Violet Keep of Menkaure").
             The game lasted 00:03:35 (666 turns).

MisterOstroum the Fighter (Demonspawn Artificer)     Turns: 666, Time: 00:03:35

Health: -5/72      AC:  3    Str: 14    XL:     7   Next: 19%
Magic:  11/11      EV: 14    Int: 12    God:    Makhleb [......]
Gold:   486        SH:  0    Dex: 14    Spells: 6/6 levels left

rFire    . . .     SeeInvis .   a - +0 short sword
rCold    . . .     Gourm    .   (no shield)
rNeg     . . .     Faith    .   b - +0 leather armour
rPois    .         Spirit   .   (helmet restricted)
rElec    .         Reflect  .   (no cloak)
rCorr    .         Harm     .   (no gloves)
MR       .....     NoTele   +   (no boots)
Stlth    ++........             (no amulet)
HPRegen  0.22/turn              (no ring)
MPRegen  0.12/turn              (no ring)

@: very slightly contaminated
A: antennae 1, claws 1, hooves 1, powered by pain 1, rot immunity
a: Renounce Religion


You were in the Dungeon.
You worshipped Makhleb.
Makhleb was noncommittal.
You were not hungry.

You visited 1 branch You collected 486 gold pieces.

Inventory:

Hand Weapons
 a - a +0 short sword (weapon)
 n - a +0 spear
Armour
 b - a +0 leather armour (worn)
Wands
 c - a wand of flame (6)
 d - a wand of enslavement (12)
 f - a wand of random effects (7)
Potions
 g - a potion of curing {@q1 !q}
 h - a potion of heal wounds {@q2 !q}
 i - a potion of haste {@q4 !q}
 j - 2 potions of magic
 k - a potion of berserk rage
Comestibles
 e - a ration
 m - 5 chunks of flesh


   Skills:
 - Level 13.1 Fighting
 - Level 0.8 Short Blades
 + Level 4.2 Dodging
 + Level 2.9 Stealth
 * Level 3.4 Invocations
 + Level 5.8 Evocations


You had 6 spell levels left.
You didn't know any spells.
Your spell library was empty.

Dungeon Overview and Level Annotations

Branches:
Dungeon (1/1)

Altars:
Cheibriados
Dithmenos
Elyvilon
Fedhas
Gozag
Hepliaklqana
Kikubaaqudgha
Makhleb
Nemelex Xobeh
Okawaru
Qazlal
Ru
Sif Muna
Trog
Uskayaw
Vehumet
Wu Jian
Xom
Yredelemnul
Zin
The Shining One
Beogh
Jiyva
Lugonu

Shops:
D %:?(!=

Annotations:
D exclusions: 2 doors and obsidian statue


Innate Abilities, Weirdness & Mutations

You have a pair of small antennae on your head.
You have sharp fingernails.
You have large cloven feet.
You sometimes gain a little power by taking damage.
You are immune to rotting.


Message History

The puff of frost hits the polar bear.
The polar bear completely resists.
Evoke which item? (* to show all) (? for menu, Esc to quit)
Aiming: Random Effects
Press: ? - help, Shift-Dir - straight line, f/p - yaktaur
Aim: a yaktaur The puff of frost hits the polar bear but does no damage.
The yaktaur wields a +0 arbalest.
The yaktaur shoots a bolt.
The bolt hits you!!!
Ouch! That really hurt!
There is a hide-covered altar of Uskayaw here.
The flying skull gives a hideous shriek!
You hear a hideous shriek!
There is a glowing silver altar of Zin here.
Blink to where?
Press: ? - help, Dir - move target cursor, p - yaktaur You are very lightly contaminated with residual magic.
As you read the scroll of blinking {@r4}, it crumbles to dust.
There's nothing to close nearby.
Unknown command.
You enter the shallow water.
Moving in this stuff is going to be slow.
There's a creature in the doorway!
Evoke which item? (* to show all) (? for menu, Esc to quit)
Aiming: Random Effects
Press: ? - help, Shift-Dir - straight line, f - hornet
Aim: a hornet
Okay, then.
Evoke which item? (* to show all) (? for menu, Esc to quit)
Aiming: Enslavement
Press: ? - help, Shift-Dir - straight line, f - hornet
Aim: a hornet (chance to defeat MR: 53%)
The hornet resists with significant effort.
The hornet barely misses you. The hornet misses you.
Evoke which item? (* to show all) (? for menu, Esc to quit)
Aiming: Enslavement
Press: ? - help, Shift-Dir - straight line, f/p - hornet
Aim: a hornet (chance to defeat MR: 53%)
The hornet is charmed.
Your hornet stings the polar bear!
The polar bear seems to slow down.
The polar bear bites your hornet.
The polar bear claws your hornet but does no damage.
The polar bear closely misses your hornet.
The yaktaur shoots a bolt.
The bolt hits your hornet!
Evoke which item? (* to show all) (? for menu, Esc to quit)
Aiming: Enslavement
Press: ? - help, Shift-Dir - straight line, f - polar bear, p - hornet
Aim: a polar bear (chance to defeat MR: 62%)
The polar bear is charmed.
Your hornet stings the polar bear.
The polar bear suddenly stops moving!
Your hornet stings the polar bear!
What are your orders? t - Shout!
Orders for allies: a - Attack new target. p - Attack previous target. r - Retreat! s - Stop attacking. g - Guard the area. f - Follow me.
Anything else - Cancel.
Retreat in which direction?
Press: ? - help, Dir - move target cursor, f - you, p - polar bear
Okay, then.
Unknown command.
Your hornet stings the polar bear.
The yaktaur unwields a +0 arbalest.
The yaktaur closely misses your hornet.
Your hornet stings the polar bear!
The polar bear is poisoned.
The yaktaur wields a +0 arbalest.
The yaktaur shoots a bolt.
The bolt hits your hornet!!
Your hornet dies!
You close the door, pushing everything out of the way.
The polar bear is no longer paralysed.
A yaktaur opens the door.
Your polar bear bites the polar bear.
Your polar bear barely misses the polar bear.
Your polar bear claws the polar bear.
The polar bear dies!
Makhleb accepts your kill.
Your Dodging skill increases to level 4!
Your Invocations skill gained 3 levels and is now at level 3!
You have reached level 7!
Your demonic ancestry asserts itself...
Your fingernails lengthen.
You don't know any spells.
Unknown command.
You don't know any spells.
Unknown command.
Unknown command.
Evoke which item? (* to show all) (? for menu, Esc to quit)
Aiming: Random Effects
Press: ? - help, Shift-Dir - straight line, f - polar bear, p - polar bear
Aim: a polar bear The bolt of poison hits the polar bear!!
The polar bear is poisoned.
The polar bear is moderately wounded.
The bolt of poison hits the yaktaur!!
The yaktaur is poisoned.
The yaktaur is heavily wounded.
Your polar bear bites the polar bear.
Your polar bear claws the polar bear but does no damage.
Your polar bear barely misses the polar bear.
Your polar bear bites the polar bear!
Your polar bear claws the polar bear.
Your polar bear claws the polar bear but does no damage.
The polar bear goes berserk!
Your polar bear barely misses the polar bear.
Your polar bear claws the polar bear but does no damage. x2
The polar bear bites your polar bear!!
The polar bear claws your polar bear. x2
The yaktaur shoots a bolt.
The bolt hits you!!
You die... +++#+++## ........# .. .##+##..# #. ##{ {##.#### +^### #.w w.#....#{ ...# ## # .#$ ###..## #..# .# $!) # #+###.##..# +..# .# $$?[

###.##...#..#{{#.^# .#▓?$$$!!?!
.'.<.'.#.'..####@.##.#▓%)())()?
###.##...#....###...##▓▓▓▓▓▓▓+
#+###.##......≈chh≈≈≈≈≈≈≈≈≈ {
###≈≈.....≈#'########+###
#≈≈≈≈≈§≈..≈#.(..._._#≈≈§##
#≈≈≈≈≈≈≈≈.≈#...._._.#≈≈§≈##
#≈≈≈≈≈≈≈≈≈≈≈#..._._._#≈≈§§≈#
≈≈≈≈≈≈≈≈≈§§≈≈#.._._._.#≈≈§§
+++#≈≈≈≈§§≈≈≈#._._._._#t≈§§


You could see a polar bear (berserk), a yaktaur and a friendly polar bear.

Vanquished Creatures
  A merfolk siren (D)
  A crocodile (D)
  4 worker ants (D)
6 creatures vanquished.

Vanquished Creatures (collateral kills)
  A polar bear (D)
1 creature vanquished.

Vanquished Creatures (others)
  A hornet (D)
  Menkaure (D)
  A crocodile (D)
3 creatures vanquished.

Grand Total: 10 creatures vanquished

Notes
Turn   | Place    | Note
-------+----------+-------------------------------------------
     0 | D        | MisterOstroum the Demonspawn Artificer began the quest for
                  | the Orb.
     0 | D        | Reached XP level 1. HP: 15/15 MP: 3/3
     1 | D        | Noticed a tyrant leech
     1 | D        | Noticed a tyrant leech
     5 | D        | Noticed a merfolk siren
    22 | D        | Killed a merfolk siren
    22 | D        | Reached skill level 13 in Fighting
    22 | D        | Gained mutation: You are immune to rotting. [demonic
                  | ancestry]
    22 | D        | Reached XP level 2. HP: 21/40 MP: 4/4
    22 | D        | Gained mutation: You sometimes gain a little power by
                  | taking damage. [demonic ancestry]
    22 | D        | Reached XP level 3. HP: 24/46 MP: 5/5
    22 | D        | Gained mutation: You have large cloven feet. [demonic
                  | ancestry]
    22 | D        | Reached XP level 4. HP: 28/53 MP: 6/6
    22 | D        | Gained mutation: You have a pair of small antennae on your
                  | head. [demonic ancestry]
    22 | D        | Reached XP level 5. HP: 31/59 MP: 7/7
    22 | D        | Reached XP level 6. HP: 35/66 MP: 8/8
    26 | D        | Killed Menkaure
   462 | D        | Reached skill level 1 in Stealth
   494 | D        | Noticed an obsidian statue
   506 | D        | Found Ikiamnoi's Antique Weapon Shop.
   506 | D        | Found Gafeywka's Distillery.
   511 | D        | Found Ligeaw's Jewellery Shop.
   514 | D        | Reached skill level 5 in Evocations
   515 | D        | Found Ybbuf's Food Shop.
   515 | D        | Found Amioph's Book Shop.
   515 | D        | Found Quhehi's Magic Scroll Boutique.
   582 | D        | Found a snail-covered altar of Cheibriados.
   635 | D        | Found a shadowy altar of Dithmenos.
   636 | D        | Found a white marble altar of Elyvilon.
   636 | D        | Found an ancient bone altar of Kikubaaqudgha.
   636 | D        | Found a roughly hewn altar of Beogh.
   636 | D        | Found a viscous altar of Jiyva.
   637 | D        | Found a blossoming altar of Fedhas.
   637 | D        | Found a corrupted altar of Lugonu.
   637 | D        | Found a shimmering blue altar of Sif Muna.
   637 | D        | Found a hazy altar of Hepliaklqana.
   637 | D        | Found a sacrificial altar of Ru.
   638 | D        | Found an opulent altar of Gozag.
   638 | D        | Found a burning altar of Makhleb.
   638 | D        | Found a bloodstained altar of Trog.
   639 | D        | Found a sparkling altar of Nemelex Xobeh.
   639 | D        | Found a hide-covered altar of Uskayaw.
   640 | D        | Found an iron altar of Okawaru.
   640 | D        | Found a radiant altar of Vehumet.
   640 | D        | Found a glowing silver altar of Zin.
   640 | D        | Found a basalt altar of Yredelemnul.
   640 | D        | Noticed a polar bear
   641 | D        | Noticed a polar bear
   642 | D        | Found a shimmering altar of Xom.
   642 | D        | Noticed a yaktaur
   643 | D        | Found a stormy altar of Qazlal.
   643 | D        | Found an ornate altar of the Wu Jian Council.
   643 | D        | Found a glowing golden altar of the Shining One.
   643 | D        | Noticed a polar bear
   643 | D        | Noticed a hornet
   650 | D        | Became a worshipper of Makhleb the Destroyer
   654 | D        | Noticed a flying skull
   654 | D        | Noticed a flying skull
   663 | D        | Killed a polar bear
   663 | D        | Gained mutation: You have sharp fingernails. [demonic
                  | ancestry]
   663 | D        | Reached XP level 7. HP: 27/72 MP: 11/11
   666 | D        | Shot with a bolt by a yaktaur

Levels and vault maps discovered:
D:        the_violet_keep_of_menkaure [sprint2_stairs_cluster_1,
          sprint2_shoproom, sprint2_temple, sprint2_basic_supplies,
          sprint2_obstacle_2, sprint2_obstacle_7, sprint2_obstacle_3,
          sprint2_obstacle_4, sprint2_obstacle_1, sprint2_timed_cluster_1,
          sprint2_smallroom_cluster_1, sprint2_smallroom_final_cluster_1,
          sprint2_transparent_cluster_1, sprint2_second_timed_cluster_1,
          sprint2_sniper_area_1, sprint2_heavy_combat_area_1,
          sprint2_mutation_trap_area_1, sprint2_forest_area_1,
          sprint2_light_combat_area_1, sprint2_behind_water_1,
          sprint2_near_end_vault_1]

Skill      XL: |  1  2  3  4  5  6 |
---------------+-------------------+-----
Fighting       | 13 | 13.1
Dodging        | 4 |  4.2
Evocations     | 5 |  5.8
Stealth        | 2 |  2.9
Invocations    | 3 |  3.4
Short Blades   | |  0.8

Action                   |  1- 3 |  4- 6 |  7- 9 || total
-------------------------+-------+-------+-------++-------
Melee: Short sword       |     9 |    32 |       ||    41
       Kick              |       |    14 |       ||    14
       Spear             |       |     2 |       ||     2
Evoke: Wand              |     5 |    14 |     1 ||    20
  Use: Scroll            |       |     1 |       ||     1
 Stab: Confused          |       |     3 |       ||     3
Armor: Leather armour    |       |     7 |       ||     7
Dodge: Dodged            |       |    23 |       ||    23

Table legend:
 A = Non-vault XP
 B = Vault XP
 C = Vault XP percentage of total XP
 D = Non-vault monster count
 E = Vault monster count
 F = Vault count percentage of total count
                 A         B        C        D         E       F
            +---------+---------+-------+---------+---------+-------
      Total |       0 |     871 | 100.0 |       0 |       7 | 100.0
            +---------+---------+-------+---------+---------+-------
          D |       0 |     871 | 100.0 |       0 |       7 | 100.0
            +---------+---------+-------+---------+---------+-------
